 Dungeon Crawl Stone Soup version 0.29.1-2-gbd0b4ee654 (webtiles) character file.

Game seed: 6608135645720816788

145 Ivernyr the Vexing (level 5, -5/26 HPs)
             Began as a Spriggan Arcane Marksman on Nov 14, 2022.
             Killed by divine providence
             ... invoked by an orc priest
              (14 damage)
             ... on level 3 of the Dungeon.
             The game lasted 00:16:02 (2066 turns).

Ivernyr the Vexing (Spriggan Arcane Marksman)       Turns: 2066, Time: 00:16:02

Health: -5/26      AC:  4    Str:  6    XL:     5   Next: 6%
Magic:  8/8        EV: 18    Int: 15    God:
Gold:   145        SH:  0    Dex: 17    Spells: 5/6 levels left

rFire   . . .      SeeInvis +   a - +1 sling
rCold   . . .      Faith    .   (no shield)
rNeg    . . .      Spirit   .   c - +0 robe
rPois   .          Reflect  .   (helmet restricted)
rElec   .          Harm     .   e - +1 cloak
rCorr   .          Rampage  .   (gloves unavailable)
Will    .....                   (boots unavailable)
Stlth   ++........              (no amulet)
HPRegen 0.08/turn               (no ring)
MPRegen 0.11/turn               (no ring)

@: very quick
A: very small, no large weapons, unfitting armour, see invisible, speed 3
a: no special abilities


You were on level 3 of the Dungeon.
You visited 1 branch of the dungeon, and saw 3 of its levels.

You collected 145 gold pieces.

Inventory:

Hand Weapons
 a - a +1 sling (weapon)
 j - the +5 mace of Law {vorpal, *Noise rC+ Will+}
   (You found it on level 2 of the Dungeon)

   It inflicts extra damage upon your enemies.
   rC:        It protects you from cold.
   *Noise:    It may make noises in combat.
   Will:      It increases your willpower.
Missiles
 m - a throwing net
Armour
 c - a +0 robe (worn)
 e - a +1 cloak (worn)
Scrolls
 b - 2 scrolls of poison
 h - a scroll of teleportation {unknown}
 i - a scroll of vulnerability {unknown}
 n - a scroll of torment {unknown}
Potions
 d - 2 potions of degeneration {unknown}
 f - a potion of invisibility {unknown}
 g - 2 potions of resistance {unknown}
 k - 5 potions of curing {unknown}
 l - a potion of magic {unknown}


   Skills:
 + Level 1.8 Fighting
 * Level 3.6 Ranged Weapons
 + Level 3.9 Dodging
 - Level 1.3 Spellcasting
 + Level 4.4 Hexes


You had 5 spell levels left.
You knew the following spells:

 Your Spells              Type           Power      Damage    Failure   Level
a - Slow                  Hex            56%        N/A       3%          1

Your spell library contained the following spells:

 Spells                   Type           Power      Damage    Failure   Level
 Inner Flame              Hex/Fire       7%         N/A       28%         3
 Portal Projectile        Hex/Tloc       14%        N/A       28%         3
 Static Discharge         Conj/Air       1%         3-4/arc   34%         2
 Cause Fear               Hex            7%         N/A       36%         4
 Dispel Undead            Necr           1%         3d6       93%         4
 Sticky Flame             Conj/Fire      1%         2d3       93%         4


Dungeon Overview and Level Annotations

Branches:
Dungeon (3/15)

Altars:


Innate Abilities, Weirdness & Mutations

You are very small and have problems with some larger weapons.
You are too small for most types of armour.
You have supernaturally acute eyesight. (SInv)
You cover ground extremely quickly. (Speed+++)


Message History

The sling bullet closely misses the orc.
The orc priest barely misses you.
The orc priest miscasts a cantrip.
Fire: a) +1 sling
Press: ? - help, Q - select action, (/) - cycle Shift-Dir - straight line, f/p - orc priest
Aim: an orc priest, wielding a +0 whip (severely wounded, 59% to hit)
You shoot a sling bullet.
The sling bullet closely misses the orc priest.
The sling bullet hits the orc!
You kill the orc!
The orc priest misses you.
Fire: a) +1 sling
Press: ? - help, Q - select action, (/) - cycle Shift-Dir - straight line, f/p - orc priest
Aim: an orc priest, wielding a +0 whip (severely wounded, 59% to hit)
You shoot a sling bullet.
The sling bullet closely misses the orc priest.
The orc priest barely misses you.
Fire: a) +1 sling
Press: ? - help, Q - select action, (/) - cycle Shift-Dir - straight line, f/p - orc priest
Aim: an orc priest, wielding a +0 whip (severely wounded, 59% to hit)
You shoot a sling bullet.
The sling bullet closely misses the orc priest.
The orc priest misses you.
Fire: a) +1 sling
Press: ? - help, Q - select action, (/) - cycle Shift-Dir - straight line, f/p - orc priest
Aim: an orc priest, wielding a +0 whip (severely wounded, 59% to hit)
You shoot a sling bullet.
The sling bullet closely misses the orc priest.
The orc priest invokes the aid of Beogh against you.
Pain shoots through your body! The orc priest closely misses you.
Fire: a) +1 sling
Press: ? - help, Q - select action, (/) - cycle Shift-Dir - straight line, f/p - orc priest
Aim: an orc priest, wielding a +0 whip (severely wounded, 59% to hit)
You shoot a sling bullet.
The sling bullet hits the orc priest but does no damage.
The orc priest is severely wounded.
The orc priest calls down the wrath of Beogh upon you.
Beogh smites you!
Ouch! That really hurt!
You die...

# ######.#
... # #.#
## # #.# #
#.# #.#
#.########
#........#
########.#
#@# #o#
#)# #.#
#####
#.####..#
......
#...o...#
######
#######.#
#


You could see an orc priest.

Vanquished Creatures
  An orc priest (D:3)
  An orc wizard (D:3)
  3 adders (D:2)
  3 worms
  5 orcs (D:3)
  2 ball pythons (D:1)
  2 endoplasms
  4 giant cockroaches
  2 jackals
  3 quokkas
  10 bats
  3 frilled lizards
  A goblin (D:1)
  10 kobolds
  6 rats
56 creatures vanquished.

Notes
Turn   | Place    | Note
-------+----------+-------------------------------------------
     0 | D:1      | Ivernyr the Spriggan Arcane Marksman began the quest for
                  | the Orb.
     0 | D:1      | Reached XP level 1. HP: 9/9 MP: 3/3
   153 | D:1      | Reached skill level 1 in Fighting
   168 | D:1      | Reached XP level 2. HP: 14/14 MP: 5/5
   625 | D:2      | Reached skill level 4 in Hexes
   625 | D:2      | Reached XP level 3. HP: 18/18 MP: 6/6
   888 | D:2      | Identified the +5 mace of Law {vorpal, *Noise rC+ Will+}
  1242 | D:2      | Reached XP level 4. HP: 22/22 MP: 7/7
  1940 | D:3      | Reached XP level 5. HP: 19/26 MP: 3/8
  2066 | D:3      | Killed from afar by an orc priest

Illustrated notes

Levels and vault maps discovered:
D:1:      ncdulo_watergridlock, layout_basic, minmay_tripent
D:2:      layout_loops_ring, minmay_small_reverse_x
D:3:      layout_loops_ring, minmay_misc_feat_hallway

Skill      XL: |  1  2  3 |
---------------+----------+-----
Fighting       | 1 |  1.8
Dodging        | 3 |  3.9
Hexes          | 4 |  4.4
Ranged Weapons | 3 |  3.6
Spellcasting   | |  1.3

Action                   |  1- 3 |  4- 6 || total
-------------------------+-------+-------++-------
 Fire: Sling             |   115 |    83 ||   198
 Cast: Slow              |    10 |     7 ||    17
Armor: Robe              |    10 |     2 ||    12
Dodge: Dodged            |    47 |    32 ||    79
